 Dungeon Crawl Stone Soup version 0.25-a0-294-gea9b1ad378 (webtiles) character file.

Game seed: 12194789842286593957, levelgen mode: classic

101 Borgoz the Slasher (level 4, 0/26 HPs)
             Began as a Gargoyle Gladiator on Dec 19, 2019.
             Slain by a jackal (2 damage)
             ... on level 3 of the Dungeon.
             The game lasted 00:01:30 (1594 turns).

Borgoz the Slasher (Gargoyle Gladiator)             Turns: 1594, Time: 00:01:30

Health: 0/26       AC:  8    Str: 18    XL:     4   Next: 75%
Magic:  4/4        EV: 13    Int:  8    God:
Gold:   51         SH:  0    Dex: 12    Spells: 3/3 levels left

rFire    . . .     SeeInvis .   a - +0 long sword
rCold    . . .     Gourm    .   (no shield)
rNeg     + . .     Faith    .   b - +0 leather armour
rPois    ∞         Spirit   .   c - +0 helmet
rElec    +         Reflect  .   (no cloak)
rCorr    .         Harm     .   (no gloves)
MR       .....                  (no boots)
Stlth    +.........             (no amulet)
HPRegen  0.08/turn              e - ring of attention (curse)
MPRegen  0.09/turn              j - ring of stealth

@: hasted, very quick
A: negative energy resistance 1, electricity resistance, unbreathing,
petrification resistance, rot immunity, AC +3
a: no special abilities


You were on level 3 of the Dungeon.
You were not hungry.

You visited 1 branch of the dungeon, and saw 3 of its levels.

You collected 51 gold pieces.

Inventory:

Hand Weapons
 a - a +0 long sword (weapon)
Missiles
 d - 3 throwing nets (quivered)
Armour
 b - a +0 leather armour (worn)
 c - a +0 helmet (worn)
Jewellery
 e - a cursed ring of attention (left hand)
 j - a ring of stealth (right hand)
Scrolls
 g - a scroll of random uselessness {unknown}
 h - 4 scrolls of remove curse {unknown}
 i - 3 scrolls of teleportation {unknown}
 n - 2 scrolls of enchant armour {unknown}
 p - a scroll of magic mapping {unknown}
 q - a scroll of fog {unknown}
Potions
 k - a potion of haste
 l - a potion of lignification {unknown}
 m - a potion of curing {unknown}
 o - a potion of resistance {unknown}
 r - 2 potions of degeneration {unknown}
Comestibles
 f - 3 rations


   Skills:
 - Level 2.1 Fighting
 + Level 3.5 Long Blades
 - Level 1.7 Throwing
 + Level 2.4 Armour
 + Level 3.1 Dodging


You had 3 spell levels left.
You didn't know any spells.
Your spell library was empty.

Dungeon Overview and Level Annotations

Branches:
Dungeon (3/15)

Altars:


Innate Abilities, Weirdness & Mutations

You are resistant to torment.
Your stone body is resilient. (AC +3)
You are immune to poison.
You resist negative energy. (rN+)
You are resistant to electric shocks. (rElec)
You can survive without breathing.
You are immune to petrification.
You are immune to rotting.


Message History

Found a notched steel ring.
A worm comes into view.
An orc priest comes into view. It is wielding a +0 short sword.
The worm moves out of view.
The orc priest shouts!
You slash the jackal!
You kill the jackal!
The jackal bites you.
The orc priest mumbles some strange prayers to Beogh against you.
Beogh smites you!
Ouch! That really hurt!
* * * LOW HITPOINT WARNING * * *
It was a potion of haste.
You feel yourself speed up. The jackal barely misses you.
You riposte.
You hit the jackal.
The jackal is severely wounded.
Okay, then.
You hit the jackal.
The jackal is almost dead.
The jackal misses you. The jackal bites you.
You die...

=#.# ...#.
###....
#....###.
#?......
#.....##.
####.w......
#.@hSo.....#
.......##....##.
.o.######..### w
#...<## #...####
.... ... .#


You could see a worm, an orc priest, an adder, a dart slug, an orc and a jackal.

Vanquished Creatures
  Jessica (D:2)
  An adder (D:2)
  2 oozes (D:1)
  2 dart slugs (D:1)
  2 leopard geckos (D:1)
  5 bats
  11 giant cockroaches
  6 goblins
  4 hobgoblins
  4 jackals
  2 ball pythons
  A frilled lizard (D:1)
  3 kobolds
  2 rats
46 creatures vanquished.

Notes
Turn   | Place    | Note
-------+----------+-------------------------------------------
     0 | D:1      | Borgoz the Gargoyle Gladiator began the quest for the Orb.
     0 | D:1      | Reached XP level 1. HP: 12/12 MP: 1/1
    79 | D:1      | Reached XP level 2. HP: 9/17 MP: 2/2
   278 | D:1      | Reached skill level 1 in Armour
   504 | D:1      | Reached XP level 3. HP: 20/21 MP: 3/3
   979 | D:2      | Noticed Jessica
   985 | D:2      | Killed Jessica
   985 | D:2      | Reached XP level 4. HP: 24/26 MP: 4/4
  1594 | D:3      | Slain by a jackal

Levels and vault maps discovered:
D:1:      roderic_dead_forest, layout_basic, minmay_worlds_worst_comb
D:2:      layout_basic, uniq_jessica
D:3:      layout_rooms, gammafunk_temple_overflow_wave

Skill      XL: |  1  2  3 |
---------------+----------+-----
Armour         | 1 2 |  2.4
Long Blades    | 3 |  3.5
Dodging        | 3 |  3.1
Fighting       | |  2.1
Throwing       | |  1.7

Action                   |  1- 3 |  4- 6 || total
-------------------------+-------+-------++-------
Melee: Long sword        |    98 |    32 ||   130
  Use: Potion            |       |     1 ||     1
  Eat: Chunk             |       |     2 ||     2
Armor: Leather armour    |    59 |    11 ||    70
Dodge: Dodged            |    70 |    39 ||   109
       Rpst.: Long sword |    25 |    14 ||    39

Table legend:
 A = Non-vault XP
 B = Vault XP
 C = Vault XP percentage of total XP
 D = Non-vault monster count
 E = Vault monster count
 F = Vault count percentage of total count
                 A         B        C        D         E       F
            +---------+---------+-------+---------+---------+-------
      Total |      98 |      47 |  32.4 |      40 |       6 |  13.0
            +---------+---------+-------+---------+---------+-------
        D:1 |      60 |      10 |  14.3 |      25 |       5 |  16.7
        D:2 |      34 |      37 |  52.1 |      13 |       1 |   7.1
        D:3 |       4 |       0 |   0.0 |       2 |       0 |   0.0
            +---------+---------+-------+---------+---------+-------
